 Dungeon Crawl Stone Soup version 0.27.1-1-g398f81649c (webtiles) character file.

Game seed: 10700954503345978075

14175 HammerPanzer the Basher (level 11, -7/107 HPs)
             Began as a Minotaur Berserker on Sept 6, 2021.
             Was a High Priest of Trog.
             Mangled by a boulder beetle (17 damage)
             ... on level 11 of the Dungeon.
             The game lasted 00:37:03 (12301 turns).

HammerPanzer the Basher (Minotaur Berserker)       Turns: 12301, Time: 00:37:03

Health: -7/107     AC: 19    Str: 24    XL:     11   Next: 85%
Magic:  19/19      EV:  8    Int:  5    God:    Trog [*****.]
Gold:   738        SH:  0    Dex: 10    Spells: 10/10 levels left

rFire    . . .     SeeInvis .   l - +7 long sword "Saupal" {vorpal, MP+9 Stlth+}
rCold    + . .     Faith    .   (no shield)
rNeg     + . .     Spirit   .   j - +0 chain mail
rPois    +         Reflect  .   (helmet restricted)
rElec    .         Harm     .   p - +1 cloak
rCorr    .         Rampage  .   n - +2 pair of gloves of Ovysin {rC+ rN+ Stlth+}
Will     .....                  C - +0 pair of boots
Stlth    ..........             (no amulet)
HPRegen  0.27/turn              h - +4 ring of protection
MPRegen  0.16/turn              m - ring of poison resistance

@: on berserk cooldown
A: horns 2, retaliatory headbutt
a: Renounce Religion, Berserk, Trog's Hand, Brothers in Arms


You were on level 11 of the Dungeon.
You worshipped Trog.
Trog was extremely pleased with you.
You visited 1 branch of the dungeon, and saw 14 of its levels.

You collected 738 gold pieces.

Inventory:

Hand Weapons
 l - the +7 long sword "Saupal" (weapon) {vorpal, MP+9 Stlth+}
   (You found it on level 8 of the Dungeon)

   It inflicts extra damage upon your enemies.
   MP:        It affects your magic capacity (+9).
   Stlth:     It makes you more stealthy.
 t - a +1 vorpal great mace
Missiles
 d - 42 poisoned darts (quivered)
 M - 2 throwing nets
Armour
 j - a +0 chain mail (worn)
 n - the +2 pair of gloves of Ovysin (worn) {rC+ rN+ Stlth+}
   (You acquired it on level 6 of the Dungeon)

   rC:        It protects you from cold.
   rN:        It protects you from negative energy.
   Stlth:     It makes you more stealthy.
 p - a +1 cloak (worn)
 C - a +0 pair of boots (worn)
 D - a scarf of resistance
Jewellery
 h - a +4 ring of protection (left hand)
 m - a ring of poison resistance (right hand)
 o - a ring of willpower
 s - a ring of flight
 u - a ring of ice
 w - a ring of resist corrosion
 B - a +4 ring of slaying
Wands
 a - a wand of iceblast (3)
 y - a wand of flame (60)
 z - a wand of polymorph (35)
 H - a wand of digging (7)
Scrolls
 b - 8 scrolls of teleportation
 i - a scroll of magic mapping
 k - a scroll of summoning
 q - a scroll of brand weapon
 r - 2 scrolls of enchant weapon
 F - 2 scrolls of identify
 I - 3 scrolls of holy word
 J - a scroll of acquirement
 K - a scroll of fog
Potions
 c - 5 potions of lignification
 e - 3 potions of curing
 f - a potion of cancellation {unknown}
 g - a potion of might
 v - 2 potions of attraction
 x - 2 potions of mutation {unknown}
 A - 3 potions of flight
 E - 2 potions of magic
 L - a potion of haste
Miscellaneous
 G - a condenser vane


   Skills:
 + Level 13.3 Fighting
 * Level 11.1 Long Blades
 - Level 14.8 Maces & Flails
 - Level 2.4 Armour
 - Level 2.1 Dodging


You had 10 spell levels left.
You didn't know any spells.
Your spell library was empty.

Dungeon Overview and Level Annotations

Branches:
Dungeon (14/15)            Temple (0/1) D:7            Lair (0/6) D:9
    Orc (0/2) D:11
 Vaults: D:13-14

Altars:
Dithmenos
Elyvilon
Nemelex Xobeh
Okawaru
Qazlal
Zin


Innate Abilities, Weirdness & Mutations

You have a pair of horns on your head.
You reflexively headbutt those who attack you in melee.


Message History

You start resting.
A boulder beetle is nearby!
You feel yourself speed up.
The boulder beetle leaps!
Things that are here:
a +0 dire flail; a +0 chain mail; an orc corpse You hit the boulder beetle but do no damage.
The boulder beetle is severely wounded.
The boulder beetle bites you!!
You hit the boulder beetle but do no damage.
You headbutt the boulder beetle.
The boulder beetle is severely wounded.
The boulder beetle bites you!!
* * * LOW HITPOINT WARNING * * *
You hit the boulder beetle but do no damage.
The boulder beetle is severely wounded.
The boulder beetle bites you!
* * * LOW HITPOINT WARNING * * *
Really quaff the potion of lignification?
Okay, then.
You feel better.
The boulder beetle bites you but does no damage.
You hit the boulder beetle.
The boulder beetle is almost dead.
Your chain mail prevents you from hitting the boulder beetle.
The boulder beetle is almost dead.
The boulder beetle bites you but does no damage.
You hit the boulder beetle but do no damage.
You headbutt the boulder beetle.
The boulder beetle is almost dead.
The boulder beetle bites you but does no damage.
You barely miss the boulder beetle.
The boulder beetle is almost dead.
The boulder beetle bites you.
* * * LOW HITPOINT WARNING * * *
You slash the boulder beetle!
You headbutt the boulder beetle, but do no damage.
The boulder beetle is almost dead.
The boulder beetle bites you!
You die...

#.# #.# . #.# .
#.##### ### #.
######.#... ... #.
.......#.###y#.###.#
#. #...#...#....... #.
#..#รท###)# #.
##.#.B@).# #.
#.###################.
#.....................
###.#.######..##...##.
#...........##..####
###########.#.#.####
#..###.##. #.## ##...
#..###....


You could see a boulder beetle.

Vanquished Creatures
  Fannar (D:10)
  A boulder beetle (D:11)
  A hydra (D:7)
  2 two-headed ogres
  3 skeletal warriors (D:10)
  Joseph (D:8)
  4 centaur zombies
  A gargoyle (D:11)
  4 trolls
  A hornet (D:11)
  A wyvern (D:11)
  2 shadows (D:11)
  6 yaks
  Grum (D:8)
  2 vampire mosquitoes (D:10)
  Menkaure (D:6)
  An acid dragon (D:10)
  2 hornet zombies
  An ice beast (D:6)
  Duvessa (D:5)
  3 orc warriors
  A sky beast (D:6)
  A necrophage (D:7)
  4 ogres
  8 centaurs
  2 wolves (D:8)
  2 phantoms
  5 kobold brigands
  6 bullfrogs
  A wyvern zombie (D:6)
  4 scorpions
  A water moccasin zombie (D:7)
  A wyvern skeleton (D:5)
  Dowan (D:5)
  A water moccasin skeleton (D:7)
  A killer bee (D:7)
  8 wights
  A bullfrog zombie (D:7)
  2 hounds
  A gnoll shaman (D:7)
  2 orc priests
  4 jellies
  2 centaur skeletons
  2 iguanas
  7 orc wizards
  A howler monkey zombie (D:7)
  Robin (D:4)
  A gnoll (D:1)
  6 adders
  2 white imps
  3 ufetubi
  An adder skeleton (D:4)
  A worm (D:2)
  4 dart slugs
  61 orcs
  7 endoplasms
  4 giant cockroaches
  15 goblins
  14 hobgoblins
  3 jackals (D:5)
  32 kobolds
  6 quokkas
  3 ball pythons
  7 bats
  7 frilled lizards
  7 rats
  A bush (D:9)
295 creatures vanquished.

Notes
Turn   | Place    | Note
-------+----------+-------------------------------------------
     0 | D:1      | HammerPanzer the Minotaur Berserker began the quest for the
                  | Orb.
     0 | D:1      | Reached XP level 1. HP: 19/19 MP: 0/0
   147 | D:1      | Reached skill level 4 in Maces & Flails
   157 | D:1      | Reached XP level 2. HP: 27/27 MP: 1/1
   314 | D:1      | Reached XP level 3. HP: 27/33 MP: 2/2
   642 | D:1      | Reached ** piety under Trog
   756 | D:1      | Reached skill level 5 in Maces & Flails
   885 | D:2      | Found a faded altar of an unknown god.
  1237 | D:2      | Reached XP level 4. HP: 37/41 MP: 3/3
  1833 | D:3      | Reached skill level 6 in Maces & Flails
  2222 | D:3      | Reached XP level 5. HP: 46/47 MP: 4/4
  2382 | D:3      | Reached *** piety under Trog
  2460 | D:3      | Reached skill level 5 in Fighting
  2622 | D:4      | Found a shadowy altar of Dithmenos.
  2623 | D:4      | Found a sparkling altar of Nemelex Xobeh.
  2624 | D:4      | Found a glowing silver altar of Zin.
  2773 | D:4      | Noticed a phantom
  2779 | D:4      | Killed a phantom
  2780 | D:4      | Reached skill level 7 in Maces & Flails
  2780 | D:4      | Reached XP level 6. HP: 54/56 MP: 5/5
  2848 | D:4      | Noticed Robin
  2864 | D:4      | Killed Robin
  3223 | D:5      | Entered Level 5 of the Dungeon
  3293 | D:5      | Reached **** piety under Trog
  3449 | D:5      | Reached skill level 8 in Maces & Flails
  3452 | D:5      | Noticed Dowan
  3452 | D:5      | Noticed Duvessa
  3469 | D:5      | Killed Dowan
  3470 | D:5      | Reached XP level 7. HP: 63/63 MP: 6/6
  3927 | D:5      | Reached skill level 9 in Maces & Flails
  4411 | D:5      | Killed Duvessa
  4486 | D:6      | Noticed Menkaure
  4661 | D:6      | Killed Menkaure
  4662 | D:6      | Reached skill level 10 in Maces & Flails
  4662 | D:6      | Reached XP level 8. HP: 73/73 MP: 7/7
  4717 | D:6      | Found an iron altar of Okawaru.
  5054 | D:6      | Reached skill level 11 in Maces & Flails
  5284 | D:6      | Reached XP level 9. HP: 56/83 MP: 8/8
  5588 | D:6      | Identified a scroll of acquirement
  5588 | D:6      | Acquired the +2 pair of gloves of Ovysin {rC+ rN+ Stlth+}
  5642 | D:7      | Reached skill level 12 in Maces & Flails
  5698 | D:7      | Found a staircase to the Ecumenical Temple.
  5771 | D:7      | Noticed a two-headed ogre
  5781 | D:7      | Killed a two-headed ogre
  5939 | D:7      | Reached skill level 13 in Maces & Flails
  5939 | D:7      | Noticed a six-headed hydra
  5950 | D:7      | Killed a six-headed hydra
  5951 | D:7      | Reached skill level 10 in Fighting
  5994 | D:7      | Reached XP level 10. HP: 46/94 MP: 9/9
  6170 | D:7      | Reached skill level 14 in Maces & Flails
  6356 | D:7      | Reached ***** piety under Trog
  6448 | D:7      | You fall into a shaft and drop 2 floors!
  6638 | D:8      | Noticed Grum
  6664 | D:8      | Killed Grum
  6898 | D:8      | Noticed Joseph
  6913 | D:8      | Killed Joseph
  7167 | D:8      | Found a stormy altar of Qazlal.
  7464 | D:7      | Found a white marble altar of Elyvilon.
  7907 | D:8      | Identified the +7 long sword "Saupal" {vorpal, MP+9 Stlth+}
  8156 | D:9      | Reached skill level 1 in Long Blades
  8365 | D:9      | Received a gift from Trog
  8734 | D:9      | Reached skill level 5 in Long Blades
  8852 | D:9      | Found a staircase to the Lair.
  9961 | D:10     | Entered Level 10 of the Dungeon
 10003 | D:10     | Reached XP level 11. HP: 77/104 MP: 10/10
 10109 | D:10     | Noticed Fannar
 10117 | D:10     | Killed Fannar
 10234 | D:10     | Noticed a skeletal warrior
 10236 | D:10     | Noticed a skeletal warrior
 10241 | D:10     | Killed a skeletal warrior
 10261 | D:10     | Killed a skeletal warrior
 10608 | D:10     | Noticed a skeletal warrior
 10616 | D:10     | Killed a skeletal warrior
 11258 | D:11     | Noticed a boulder beetle
 11278 | D:11     | Killed a boulder beetle
 11454 | D:11     | Found a staircase to the Orcish Mines.
 11468 | D:11     | You fall into a shaft and drop 3 floors!
 11569 | D:11     | Reached skill level 10 in Long Blades
 12252 | D:11     | Noticed a two-headed ogre
 12256 | D:11     | Killed a two-headed ogre
 12259 | D:11     | Noticed a boulder beetle
 12295 | D:11     | HP: 1/107 [boulder beetle (16)]
 12301 | D:11     | Mangled by a boulder beetle

Illustrated notes

Levels and vault maps discovered:
D:1:      dpeg_arrival_boxes_within_box, layout_basic
D:2:      layout_basic, dreamdust_ecumenical_altar_statues, minivault_14,
          serial_bayou_pond_d
D:3:      layout_loops_ring, minmay_quadrilaterals
D:4:      layout_rooms, chequers_temple_overflow_statue_of_worship,
          minmay_door_square, uniq_robin
D:5:      layout_gridville, uniq_duvessa
D:6:      layout_rooms, old_standard_altar, uniq_menkaure
D:7:      hangedman_cross_stitches, layout_gridville,
          nicolae_overflow_crystal_walls, minmay_temple_entry_glass,
          grunt_ogre_cave, kennysheep_generic_room_7
D:8:      layout_loops_ring, nicolae_qazlal_general_emergency, uniq_joseph,
          uniq_grum
D:9:      layout_cave_pods, lair_entry_dummy, kennysheep_nondescript,
          st_stairs_2, kb_lookout_dungeons_type
D:10:     layout_loops_ring, uniq_fannar
D:11:     minmay_the_grid_square_5x5_3x3
          [minmay_the_grid_square_5x5_sharp_hourglass,
          minmay_the_grid_square_5x5_six, minmay_the_grid_square_5x5_corner,
          minmay_the_grid_square_5x5_plus,
          minmay_the_grid_square_5x5_megaprize_diamond,
          minmay_the_grid_square_5x5_eight_small,
          minmay_the_grid_square_5x5_intrusive_squares,
          minmay_the_grid_square_5x5_two_walls_a,
          minmay_the_grid_square_5x5_hourglass], layout_loops_ring,
          hiddenorc2_lemuel, patterned_corridor
D:12:     minmay_octagon_keep, layout_loops_cross, serial_shops, shop
D:13:     layout_roguey, david_vaults_4, nicolae_sextant, uniq_sonja
D:14:     layout_long_grid, kennysheep_doodads, minmay_stone_trees_small,
          chequers_serial_rivers_room_a, uniq_roxanne

Skill      XL: |  1  2  3  4  5  6  7  8  9 10 11 |
---------------+----------------------------------+-----
Maces & Flails | 4 5 6 7 8 10 11 13 14 | 14.8
Fighting       | 4 5 6 7 9 10 12 13 | 13.3
Long Blades    | 6 11 | 11.1
Armour         | |  2.4
Dodging        | |  2.1

Action                   |  1- 3 |  4- 6 |  7- 9 | 10-12 || total
-------------------------+-------+-------+-------+-------++-------
Melee: Mace              |   104 |   123 |       |       ||   227
       Headbutt          |    14 |    29 |    36 |    93 ||   172
       Flail             |       |    52 |   156 |   103 ||   311
       Long sword        |       |       |       |   258 ||   258
Throw: Dart              |       |       |       |    10 ||    10
Invok: Berserk           |     1 |     1 |     6 |     8 ||    16
  Use: Scroll            |       |       |    12 |    11 ||    23
       Potion            |       |       |       |     2 ||     2
Armor: Animal skin       |     5 |       |       |       ||     5
       Ring mail         |    51 |     4 |       |       ||    55
       Chain mail        |       |    87 |    95 |   196 ||   378
Dodge: Dodged            |    76 |    49 |    55 |   149 ||   329
       Rpst.: Long sword |       |       |       |    20 ||    20
